 Dungeon Crawl Stone Soup version 0.25-a0-362-g90ccd6aac3 (webtiles) character file.

Game seed: 16739362129350824816, levelgen mode: deterministic

198553 Caramio the Severer (level 17, -3/171 HPs)
             Began as a Minotaur Berserker on Jan 4, 2020.
             Was a High Priest of Trog.
             Killed from afar by a manticore (15 damage)
             ... with a volley of spikes
             ... on level 4 of the Shoals.
             The game lasted 03:23:34 (34594 turns).

Caramio the Severer (Minotaur Berserker)           Turns: 34594, Time: 03:23:34

Health: -3/171     AC: 28    Str: 32    XL:     17   Next: 81%
Magic:  0/16       EV: 17    Int:  6    God:    Trog [*****.]
Gold:   2694       SH: 23    Dex: 15    Spells: 16/16 levels left

rFire    . . .     SeeInvis .   U - +5 war axe of Profit {chop, rF- Str+4 Int+2 Dex+4}
rCold    . . .     Gourm    .   Z - +0 large shield {AC+3}
rNeg     . . .     Faith    .   v - +0 plate armour
rPois    .         Spirit   +   (helmet restricted)
rElec    .         Reflect  .   n - +2 cloak {+Inv}
rCorr    .         Harm     .   s - +2 pair of gloves
MR       ++++.                  G - +0 pair of boots
Stlth    ..........             L - amulet of Ascent {Spirit rF+ MR- Slay+5}
HPRegen  1.38/turn              b - ring of Phasing {EV+8}
MPRegen  0.15/turn              d - ring of protection from magic

@: barbed spikes, berserk cooldown, very slightly contaminated, regenerating
A: retaliatory headbutt, horns 2, talons 1, magic resistance 1, robust 1
}: 1/15 runes: gossamer
a: Berserk, Trog's Hand, Brothers in Arms, Renounce Religion, Evoke Invisibility


You were on level 4 of the Shoals.
You worshipped Trog.
Trog was extremely pleased with you.
You were not hungry.

You visited 6 branches of the dungeon, and saw 31 of its levels.
You also visited: Ossuary and Ice Cave.

You collected 3011 gold pieces.
You spent 317 gold pieces at shops.

Inventory:

Hand Weapons
 f - the +0 war axe of the Revolution {flame, Dex+6}
   (Trog gifted it to you on level 5 of the Lair of Beasts)

   It has been specially enchanted to burn those struck by it, causing extra
   injury to most foes and up to half again as much damage against particularly
   susceptible opponents.
   Big, fiery blades are also staple armaments of hydra-hunters.
   It affects your dexterity (+6).
 U - the +5 war axe of Profit (weapon) {chop, rF- Str+4 Int+2 Dex+4}
   (Trog gifted it to you on level 11 of the Dungeon)

   It inflicts extra damage upon your enemies.
   It affects your strength (+4).
   It affects your intelligence (+2).
   It affects your dexterity (+4).
   It makes you vulnerable to fire.
Missiles
 r - 41 poisoned darts (quivered)
 K - 21 silver javelins
Armour
 n - a +2 cloak of invisibility (worn)
 s - a +2 pair of gloves (worn)
 v - a +0 plate armour (worn)
 y - a +2 large shield of resistance
 G - a +0 pair of boots (worn)
 Z - a +0 large shield of protection (worn)
Jewellery
 b - the ring of Phasing (left hand) {EV+8}
   (You found it on level 4 of the Lair of Beasts)

   [ring of evasion]

   It affects your evasion (+8).
 d - a ring of protection from magic (right hand)
 g - an uncursed ring of poison resistance
 E - an uncursed ring of protection from fire
 L - the amulet of Ascent (around neck) {Spirit rF+ MR- Slay+5}
   (You found it on level 13 of the Dungeon)

   [amulet of guardian spirit]

   It causes incoming damage to be split between your health and magic.
   It affects your accuracy and damage with ranged weapons and melee attacks
   (+5).
   It protects you from fire.
   It affects your resistance to hostile enchantments.
 W - an uncursed ring of see invisible
Wands
 e - a wand of polymorph (18)
 B - a wand of paralysis (13)
 F - a wand of acid (16)
 O - a wand of digging (4)
Scrolls
 j - 10 scrolls of remove curse
 k - 8 scrolls of teleportation
 p - 3 scrolls of fog
 t - a scroll of fear
 x - 2 scrolls of identify
 D - 2 scrolls of blinking
 N - a scroll of holy word
 R - 2 scrolls of magic mapping
 X - 2 scrolls of silence
 Y - a scroll of enchant weapon
Potions
 h - 12 potions of curing
 i - 5 potions of haste
 l - a potion of might
 m - 3 potions of brilliance {unknown}
 o - 3 potions of ambrosia
 q - 5 potions of mutation
 u - 3 potions of cancellation {unknown}
 w - a potion of magic
 z - 4 potions of heal wounds
 A - 4 potions of agility
 C - 5 potions of flight
 I - 2 potions of berserk rage {unknown}
 Q - 4 potions of lignification
 T - 3 potions of invisibility {unknown}
 V - a potion of resistance {unknown}
Comestibles
 a - 2 chunks of flesh
 c - 58 rations


   Skills:
 + Level 15.3 Fighting
 + Level 18.1(18.2) Axes
   Level 3.3(12.6) Maces & Flails
 + Level 16.3 Throwing
 + Level 14.5 Armour
 - Level 3.0 Dodging
 - Level 0.8 Stealth
 + Level 17.0 Shields
 + Level 0.7 Evocations


You had 16 spell levels left.
You didn't know any spells.
Your spell library was empty.

Dungeon Overview and Level Annotations

Branches:
Dungeon (14/15)            Temple (1/1) D:6            Lair (6/6) D:10
 Shoals (4/4) Lair:3       Spider (4/4) Lair:3        Slime (0/5) Lair:6
    Orc (2/2) D:11            Elf (0/3) Orc:2        Vaults (0/5) D:13
Ossuary (visited)           IceCv (visited)

Altars:
Ashenzari
Cheibriados
Dithmenos
Elyvilon
Fedhas
Gozag
Hepliaklqana
Kikubaaqudgha
Makhleb
Nemelex Xobeh
Okawaru
Qazlal
Ru
Sif Muna
Trog
Vehumet
Wu Jian
Xom
Yredelemnul
Zin
The Shining One
Jiyva
Lugonu

Shops:
D:6 [   Orc:1 ?   Orc:2 :*[(

Annotations:
D:7 2 transporters, exclusion: statue
Spider:1 3 runed translucent doors, walterwhite's ghost, journeyman MiBe


Innate Abilities, Weirdness & Mutations

You reflexively headbutt those who attack you in melee.
You have a pair of horns on your head.
You have sharp toenails.
You are resistant to hostile enchantments. (MR+)
You are robust. (+10% HP)


Message History

Your iron troll blinks!
The merfolk impaler blinks!
The alligator snapping turtle blinks!
The wind drake blinks!
Your two-headed ogre blinks!
The merfolk blinks!
The merfolk impaler blinks!
You blink.
The manticore blinks!
You can't go up here!
Your skin crawls.
You feel resistant to hostile enchantments.
You feel somewhat more hungry.
The merfolk throws a boomerang.
You block the boomerang.
The weapon returns to the merfolk!
Eat one of 3 chunks of flesh? (ye/n/q)
You eat one of the 3 chunks of flesh.
This raw flesh tastes terrible.
You block the wind drake's attack.
The alligator snapping turtle bites you from afar!!
* * * LOW HITPOINT WARNING * * *
The manticore flicks its tail.
The volley of spikes hits you!
The barbed spikes become lodged in your body.
You die...

.......§§.§###.≈≈≈≈≈≈≈≈≈≈≈
....)..§.....)..≈≈≈≈≈≈≈≈≈≈
......^(m..T.....≈≈≈≈≈≈≈≈≈
........m.....T..≈≈≈≈≈≈≈≈≈
≈.........H.......≈≈≈≈≈≈≈≈
#......(§..........≈≈.....
##....m.O.?............<.
#.....(......m..........
##§.....@................
#≈......k......###.##....
##...(.t.......# #####...
#...........###.# #.##..
###............# ..≈. .#..
#.............###)#. .###.
####..............#≈≈. .≈
.
≈≈≈≈...).........##Cm#≈#.≈
. ≈≈≈≈.............#


tmm≈. You could see an alligator snapping turtle, a merfolk impaler, a wind
drake, 3 merfolk, a manticore, a friendly iron troll (berserk), a friendly
two-headed ogre (berserk) and a friendly troll (berserk).

Vanquished Creatures
  Nikola (Spider:1)
  Rupert (Orc:2)
  Donald (Shoals:2)
  3 emperor scorpions
  An orc warlord (Orc:2)
  5 ghost moths
  An entropy weaver (Spider:3)
  An ironheart preserver (D:13)
  Nessos (D:13)
  3 spark wasps
  Snorg (Lair:3)
  3 merfolk javelineers
  An ettin (Orc:1)
  3 merfolk impalers
  The ghost of Shaidar the Cleaver, a journeyman MiBe of Trog (Lair:1)
  A rakshasa (D:13)
  4 hydras
  A catoblepas (Lair:6)
  4 centaur warriors
  4 satyrs
  5 two-headed ogres
  3 merfolk avatars
  10 death yaks
  A death knight (D:14)
  A deep troll shaman (Lair:6)
  4 merfolk aquamancers
  An alligator snapping turtle (Shoals:2)
  4 orc high priests (Orc:2)
  The ghost of Faustar the Thaumaturge, a novice DrCj of Vehumet (D:13)
  Urug (Orc:2)
  4 sea snakes
  3 unseen horrors
  A phantasmal warrior (D:14)
  5 harpies (Shoals:1)
  A lindwurm (Lair:6)
  5 orc knights
  24 orb spiders
  23 wolf spiders
  4 oklob plants (Lair:4)
  6 cyclopes
  3 deep elf magi
  4 orc sorcerers (Orc:2)
  9 ugly things
  19 fauns
  8 manticores
  3 moths of wrath
  9 merfolk sirens
  Maurice (D:11)
  12 elephants
  4 water nymphs
  3 black mambas
  3 torpor snails
  A centaur skeleton (D:12)
  A gargoyle (D:12)
  9 spiny frogs
  6 komodo dragons
  A rime drake (Lair:6)
  5 kobold demonologists
  A freezing wraith (D:14)
  10 demonic crawlers
  34 jumping spiders
  7 trolls
  4 tyrant leeches (Spider:2)
  5 polar bears
  8 hornets
  17 merfolk
  4 wind drakes
  8 hippogriffs
  3 slime creatures (D:13)
  8 dream sheep
  23 blink frogs
  7 snapping turtles
  53 redbacks
  Sigmund (D:2)
  22 tarantellas
  9 water elementals
  3 hogs (D:9)
  3 shadows
  A human (D:9)
  4 wraiths
  4 wyverns
  24 yaks
  A steam dragon (D:12)
  2 basilisks
  4 vampire mosquitoes (D:12)
  A hungry ghost (D:12)
  2 wargs
  An acid dragon (D:12)
  10 porcupines
  9 water moccasins
  42 orc warriors
  2 black bears
  12 ogres
  10 ice beasts
  6 sky beasts
  A necrophage (D:10)
  3 phantoms
  5 boggarts (D:14)
  12 wolves
  12 centaurs
  11 crocodiles
  14 bullfrogs
  2 elf zombies (D:4)
  3 big kobolds
  A gnoll sergeant (D:9)
  4 earth elementals (Spider:2)
  A wyvern skeleton (D:6)
  7 scorpions
  10 killer bees
  3 electric eels
  3 howler monkeys (D:8)
  20 wights
  4 jellies
  A crimson imp (D:9)
  6 hounds
  3 bullfrog zombies
  7 centaur zombies
  2 human zombies (D:4)
  A gnoll shaman (D:8)
  29 orc priests
  43 orc wizards
  6 bullfrog skeletons
  8 iguanas
  7 worker ants
  A human skeleton (D:4)
  3 big kobold zombies (Ossuary)
  5 mummies (Ossuary)
  A hound skeleton (D:7)
  2 worker ant zombies
  7 gnolls
  9 adders
  2 shadow imps
  12 white imps (Orc:2)
  2 oozes (D:1)
  An adder skeleton (D:4)
  2 worms
  A dart slug (D:1)
  4 leopard geckos
  105 orcs
  9 bats
  3 giant cockroaches
  11 goblins
  11 hobgoblins
  9 jackals
  30 kobolds
  4 quokkas
  A ball python (D:2)
  2 frilled lizards
  2 gnoll zombies (D:2)
  4 hobgoblin zombies (Ossuary)
  An orc zombie (D:4)
  A quokka zombie (D:6)
  7 rats
  2 butterflies (Lair:3)
  2 fungi
  3 plants
1102 creatures vanquished.

Vanquished Creatures (collateral kills)
  A merfolk javelineer (Shoals:4)
  Josephine (D:11)
  A manticore (Shoals:4)
  2 merfolk sirens (Shoals:4)
  2 ice statues (IceCv)
  2 merfolk (Shoals:4)
  A wyvern (D:11)
  2 yaks (D:11)
  3 wraiths (D:11)
  2 orc warriors (Orc:2)
  A jelly (D:11)
  An orc wizard (Orc:2)
  An orc priest (Orc:2)
20 creatures vanquished.

Vanquished Creatures (others)
  An orb spider (Spider:1)
  A redback (Spider:1)
  A crimson imp (D:12)
  An orc wizard (Orc:2)
  5 fungi
  7 plants
16 creatures vanquished.

Grand Total: 1138 creatures vanquished

Notes
Turn   | Place    | Note
-------+----------+-------------------------------------------
     0 | D:1      | Caramio the Minotaur Berserker began the quest for the Orb.
     0 | D:1      | Reached XP level 1. HP: 19/19 MP: 0/0
   217 | D:1      | Reached skill level 4 in Axes
   240 | D:1      | Reached XP level 2. HP: 27/27 MP: 1/1
   561 | D:1      | Reached XP level 3. HP: 30/33 MP: 2/2
   748 | D:2      | Reached ** piety under Trog
   768 | D:2      | Noticed Sigmund
   776 | D:2      | Killed Sigmund
   776 | D:2      | Reached skill level 5 in Axes
   776 | D:2      | Reached XP level 4. HP: 13/41 MP: 3/3
   776 | D:2      | Reached XP level 5. HP: 15/47 MP: 4/4
   789 | D:2      | Reached skill level 5 in Fighting
  1049 | D:2      | Reached skill level 6 in Axes
  1284 | D:2      | Found a shadowy altar of Dithmenos.
  1580 | D:2      | Found a basalt altar of Yredelemnul.
  1847 | D:3      | Found a hazy altar of Hepliaklqana.
  2049 | D:3      | Found a white marble altar of Elyvilon.
  2063 | D:3      | Reached XP level 6. HP: 56/56 MP: 5/5
  2612 | D:4      | Reached skill level 1 in Shields
  2613 | D:4      | Reached *** piety under Trog
  2712 | D:4      | Found a sand-covered staircase.
  2724 | Ossuary  | Entered an ossuary
  2730 | Ossuary  | Reached skill level 7 in Axes
  2857 | Ossuary  | Reached XP level 7. HP: 52/61 MP: 6/6
  3115 | D:4      | Reached skill level 8 in Axes
  3662 | D:5      | Entered Level 5 of the Dungeon
  3666 | D:5      | Identified the cursed +1 leather armour of Impatience
                  | {Str+5}
  3755 | D:5      | Reached XP level 8. HP: 56/70 MP: 7/7
  3886 | D:5      | Reached skill level 1 in Throwing
  4009 | D:5      | Found a glowing golden altar of the Shining One.
  4010 | D:5      | Found a sacrificial altar of Ru.
  4080 | D:5      | Found a shimmering altar of Xom.
  4092 | D:5      | Found a shimmering altar of Xom.
  4103 | D:5      | Found a shimmering altar of Xom.
  4104 | D:5      | Found a shimmering altar of Xom.
  4167 | D:5      | Reached skill level 9 in Axes
  4305 | D:6      | Reached **** piety under Trog
  4699 | D:6      | Found a staircase to the Ecumenical Temple.
  4708 | D:6      | Found Jiucsov's Antique Armour Shop.
  4710 | Temple   | Entered the Ecumenical Temple
  4945 | D:6      | Reached skill level 5 in Armour
  5235 | D:6      | Found a sparkling altar of Nemelex Xobeh.
  5397 | D:6      | Found a shattered altar of Ashenzari.
  5561 | D:7      | Noticed a two-headed ogre
  5567 | D:7      | Noticed a cyclops
  5567 | D:7      | a two-headed ogre changed into a cyclops
  5574 | D:7      | Killed a cyclops
  5574 | D:7      | Reached XP level 9. HP: 78/78 MP: 8/8
  5865 | D:7      | Reached skill level 5 in Throwing
  5986 | D:7      | Reached skill level 10 in Axes
  6022 | D:7      | Reached skill level 5 in Shields
  6342 | D:7      | Found a transporter.
  6345 | D:7      | Found a corrupted altar of Lugonu.
  6345 | D:7      | Noticed an ancient zyme
  6346 | D:7      | Noticed a brown ugly thing
  6494 | D:7      | Found a radiant altar of Vehumet.
  6606 | D:7      | Found a transporter.
  6608 | D:7      | Noticed a brown ugly thing
  6609 | D:7      | Noticed a green ugly thing
  6833 | D:8      | Noticed a two-headed ogre
  6841 | D:8      | Killed a two-headed ogre
  6841 | D:8      | Reached XP level 10. HP: 86/86 MP: 3/9
  6949 | D:8      | Found an iron altar of Okawaru.
  6958 | D:8      | Got a blackened hand axe
  6959 | D:8      | Identified the +6 hand axe of Dyovottu {drain, *Rage rElec
                  | rN+} (You found it on level 8 of the Dungeon)
  7085 | D:8      | Found a stormy altar of Qazlal.
  7510 | D:9      | Reached ***** piety under Trog
  7510 | D:9      | Received a gift from Trog
  7510 | D:9      | Reached skill level 11 in Axes
  8553 | D:9      | Noticed a two-headed ogre
  8561 | D:9      | Killed a two-headed ogre
  8620 | D:9      | Reached XP level 11. HP: 94/94 MP: 10/10
  9090 | D:10     | Entered Level 10 of the Dungeon
  9120 | D:10     | Received a gift from Trog
  9469 | D:10     | Found a staircase to the Lair.
  9892 | D:11     | Noticed Maurice
  9900 | D:11     | Killed Maurice
  9900 | D:11     | Reached skill level 12 in Axes
 10173 | D:11     | Killed an unseen horror
 10237 | D:11     | Noticed Josephine
 10247 | D:11     | Killed Josephine
 10270 | D:11     | Reached skill level 10 in Throwing
 10589 | D:11     | Noticed a white ugly thing
 10598 | D:11     | Killed a white ugly thing
 10669 | D:11     | Received a gift from Trog
 10682 | D:11     | Got a warped war axe {god gift}
 10683 | D:11     | Identified the +5 war axe of Profit {chop, rF- Str+4 Int+2
                  | Dex+4} (Trog gifted it to you on level 11 of the Dungeon)
 10795 | D:11     | Noticed a soul eater
 10797 | D:11     | Noticed a soul eater
 10797 | D:11     | Reached XP level 12. HP: 87/104 MP: 11/11
 10800 | D:11     | Found a staircase to the Orcish Mines.
 10866 | D:11     | Found a shimmering blue altar of Sif Muna.
 10982 | D:11     | Reached skill level 13 in Axes
 11326 | D:12     | Noticed a two-headed ogre
 11342 | D:12     | Killed a two-headed ogre
 11603 | D:12     | Received a gift from Trog
 11673 | D:12     | Reached skill level 10 in Shields
 11875 | D:12     | Noticed a two-headed ogre
 11878 | D:12     | Reached skill level 10 in Armour
 11888 | D:12     | Killed a two-headed ogre
 11890 | D:12     | Reached skill level 10 in Fighting
 12221 | D:12     | Noticed an eight-headed hydra
 12235 | D:12     | Killed an eight-headed hydra
 12657 | D:12     | Reached skill level 1 in Maces & Flails
 13010 | D:13     | Noticed Nessos
 13015 | D:13     | Killed Nessos
 13015 | D:13     | Reached skill level 14 in Axes
 13155 | D:13     | Noticed a seven-headed hydra
 13157 | D:13     | Noticed a two-headed ogre
 13175 | D:13     | Killed a seven-headed hydra
 13180 | D:13     | Killed a two-headed ogre
 13180 | D:13     | Reached XP level 13. HP: 114/114 MP: 12/12
 13394 | D:13     | Found a gate to the Vaults.
 13394 | D:13     | Noticed an ironheart preserver
 13404 | D:13     | Killed an ironheart preserver
 13665 | D:13     | Found a runed translucent door.
 13667 | D:13     | Noticed Faustar's ghost (novice DrCj)
 13716 | D:13     | Received a gift from Trog
 13795 | D:13     | Killed Faustar's ghost
 13802 | D:13     | Got a clouded crystal amulet
 13803 | D:13     | Identified the amulet of Ascent {Spirit rF+ MR- Slay+5}
                  | (You found it on level 13 of the Dungeon)
 14100 | D:14     | Noticed a fire giant
 14448 | D:14     | Reached skill level 15 in Axes
 15626 | Lair:1   | Entered Level 1 of the Lair of Beasts
 15656 | Lair:1   | Found a runed translucent door.
 15656 | Lair:1   | Noticed Shaidar's ghost (journeyman MiBe)
 15687 | Lair:1   | Killed Shaidar's ghost
 15927 | Lair:1   | Gained mutation: You are resistant to hostile enchantments.
                  | (MR+) [potion of mutation]
 15927 | Lair:1   | Gained mutation: You are robust. (+10% HP) [potion of
                  | mutation]
 15927 | Lair:1   | Gained mutation: You have sharp toenails. [potion of
                  | mutation]
 16948 | Lair:2   | Reached XP level 14. HP: 137/137 MP: 13/13
 17143 | Lair:2   | You fall into a shaft and drop 1 floor!
 17158 | Lair:3   | Found a hole to the Spider Nest.
 17319 | Lair:3   | Found a shimmering altar of Xom.
 17490 | Lair:3   | Got a dazzling hunting sling
 17491 | Lair:3   | Identified the +7 hunting sling of Ravage {freeze, rF+ rN++
                  | Dex+2} (You found it on level 3 of the Lair of Beasts)
 17681 | Lair:3   | Got a wavering platinum ring
 17682 | Lair:3   | Identified the ring of Veujautz {Fire rN+ MR+ Str-5 Int+3}
                  | (You found it on level 3 of the Lair of Beasts)
 17804 | Lair:3   | Found a staircase to the Shoals.
 17807 | Lair:3   | Noticed Snorg
 17822 | Lair:3   | Killed Snorg
 17822 | Lair:3   | Received a gift from Trog
 19093 | Lair:4   | Found the ring of Phasing {EV+8}
 20588 | Lair:5   | Reached skill level 16 in Axes
 20743 | Lair:5   | Received a gift from Trog
 20753 | Lair:5   | Got a steaming war axe {god gift}
 20754 | Lair:5   | Identified the +0 war axe of the Revolution {flame, Dex+6}
                  | (Trog gifted it to you on level 5 of the Lair of Beasts)
 21042 | Lair:6   | Entered Level 6 of the Lair of Beasts
 21460 | Lair:6   | Found a viscous altar of Jiyva.
 21462 | Lair:6   | Found a staircase to the Slime Pits.
 21746 | Lair:6   | Found a snail-covered altar of Cheibriados.
 21940 | Lair:6   | Reached XP level 15. HP: 147/147 MP: 14/14
 22212 | Lair:6   | Got a transparent chain mail
 22223 | Lair:6   | Identified the +2 chain mail of Action {+Fly Str-4 Int+7}
                  | (You found it on level 6 of the Lair of Beasts)
 22530 | Orc:1    | Entered Level 1 of the Orcish Mines
 22554 | Orc:1    | Received a gift from Trog
 22741 | Orc:1    | Found Utewaloe's Magic Scroll Shoppe.
 22749 | Orc:1    | Bought a scroll of identify for 36 gold pieces
 22749 | Orc:1    | Bought a scroll of identify for 36 gold pieces
 23109 | Orc:2    | Entered Level 2 of the Orcish Mines
 23141 | Orc:2    | Received a gift from Trog
 23227 | Orc:2    | Found a frozen archway.
 23236 | IceCv    | Entered an ice cave
 23351 | IceCv    | Found a transporter.
 23371 | IceCv    | Got a scorched scale mail
 23382 | IceCv    | Identified the +1 scale mail of the Rose {rElec rPois MP+9}
                  | (You found it in an ice cave)
 23401 | IceCv    | Found a transporter.
 23835 | Orc:2    | Noticed Urug
 23853 | Orc:2    | Killed Urug
 24022 | Orc:2    | Found a staircase to the Elven Halls.
 24229 | Orc:2    | Received a gift from Trog
 24250 | Orc:2    | Noticed an orc warlord
 24293 | Orc:2    | Killed an orc warlord
 24882 | Orc:2    | Received a gift from Trog
 25140 | Orc:2    | Found Tuqooc's General Store.
 25141 | Orc:2    | Found Wazerhe's Book Emporium.
 25142 | Orc:2    | Found Natsirchu's Antique Armour Shoppe.
 25142 | Orc:2    | Found Ropyusoesh's Antique Weapon Shoppe.
 25167 | Orc:2    | Bought a runed large shield for 217 gold pieces
 25175 | Orc:2    | Bought a scroll of identify for 28 gold pieces
 25304 | Orc:2    | Noticed Rupert
 25315 | Orc:2    | Killed Rupert
 26626 | Spider:1 | Entered Level 1 of the Spider Nest
 26675 | Spider:1 | Noticed Nikola
 26907 | Spider:1 | Killed Nikola
 26907 | Spider:1 | Reached skill level 17 in Axes
 26955 | Spider:1 | Received a gift from Trog
 27433 | Spider:1 | Reached XP level 16. HP: 159/159 MP: 15/15
 27485 | Spider:1 | Noticed walterwhite's ghost (journeyman MiBe)
 27500 | Spider:1 | Found a runed translucent gate.
 27500 | Spider:1 | Found a runed translucent gate.
 27502 | Spider:1 | Found a runed translucent gate.
 28349 | Spider:2 | Received a gift from Trog
 29134 | Spider:3 | Identified a scroll of acquirement
 29137 | Spider:3 | Got a smoking chain mail
 29143 | Spider:3 | Reached skill level 15 in Throwing
 29188 | Spider:2 | Identified the +0 chain mail "Taxkyri" {*Drain rC+ MR+}
                  | (You acquired it on level 3 of the Spider Nest)
 29230 | Spider:3 | Reached skill level 15 in Shields
 29918 | Spider:4 | Entered Level 4 of the Spider Nest
 30338 | Spider:4 | Received a gift from Trog
 31180 | Spider:4 | Reached XP level 17. HP: 169/169 MP: 0/16
 31240 | Spider:4 | Got a gossamer rune of Zot
 31398 | Shoals:1 | Entered Level 1 of the Shoals
 31561 | Shoals:1 | Received a gift from Trog
 32284 | Shoals:2 | Noticed Donald
 32288 | Shoals:2 | Killed Donald
 33066 | Shoals:2 | Received a gift from Trog
 33267 | Shoals:3 | Reached skill level 15 in Fighting
 33759 | Shoals:3 | Reached skill level 18 in Axes
 33846 | Shoals:3 | Received a gift from Trog
 34479 | Shoals:4 | Entered Level 4 of the Shoals
 34594 | Shoals:4 | Killed from afar by a manticore

Levels and vault maps discovered:
D:1:      minmay_arrival_widening_spiral_narrow, layout_basic,
          kennysheep_minor_cross
D:2:      layout_loops_ring, grunt_dithmenos_smoke_and_mirrors,
          lemuel_zombie_altar_yredelemnul, first_ration, minmay_tall_x,
          uniq_sigmund
D:3:      layout_loops_corners, overflow_temple_1_default, elyvilon_altar_5
D:4:      layout_cave_pools, nicolae_overflow_hidden_temple,
          nicolae_ossuary_entry_catacombs
D:5:      layout_rooms, gammafunk_temple_overflow_pools, xom_redecorated
D:6:      layout_loops_ring, kennysheep_little_box,
          minmay_temple_entry_sparse_star, serial_shops, shop_coins,
          nemelex_diamond_rough_becter
D:7:      gammafunk_corrupted_shrine, layout_basic, vehumet_statue
D:8:      layout_basic, okawaru_ov_weapons_minmay,
          nicolae_qazlal_eye_of_the_storm
D:9:      layout_irregular_city, st_stairs_1, hangedman_decor_push,
          grunt_livestock, kennysheep_generic_room_11
D:10:     layout_long_grid, grunt_lair_entry_orc_guard_hut
D:11:     layout_loops_ring, erik_orc_3, led_sif_book, uniq_maurice,
          uniq_josephine
D:12:     layout_roguey, grunt_tough_drop
D:13:     layout_roguey, skrybe_vaults_entry_preservation,
          ebering_ghost_reflecting_pool, uniq_nessos
D:14:     layout_loops_ring, chequers_jeans, onia_ninara_dug_in_and_dangerous
Temple:   minmay_temple_bridge_abc
Lair:1:   layout_cave_pods, hellmonk_ghost_happy_afterlife
Lair:2:   layout_hall_layers
Lair:3:   layout_cave_pods, elwin_shoals_entry_rocks,
          spider_nest_entry_web_field, basic_altar, lemuel_fruit_fields,
          lemuel_fruit_tree, uniq_snorg
Lair:4:   layout_regular_city, minmay_lair_oklob_chamber, grunt_megastairs_2,
          serial_bayou_shore_b
Lair:5:   layout_cave_pods, beast_lair_carwin_6
Lair:6:   grunt_lair_end_beastmaster, layout_loops_ring, slime_altar_1,
          minivault_25, kennysheep_snail_temple
Shoals:1: layout_shoals
Shoals:2: layout_shoals, uniq_donald
Shoals:3: layout_shoals
Shoals:4: shoals_end_grunt_ice, layout_shoals
Spider:1: layout_spider_delve, gammafunk_ghost_split, guppyfry_spider_mini_2,
          uniq_nikola
Spider:2: layout_spider_delve, hangedman_stitches_earthworm
Spider:3: layout_spider_delve, nicolae_spider_stair_cavern
Spider:4: spider_rune_water
Orc:1:    layout_caves, serial_shops,
          nicolae_shop_temple_entry_statues_fountains
Orc:2:    st_orc_congregation, layout_caves, portal_ice_cave_entry_imps,
          uniq_urug, uniq_rupert

Skill      XL: |  1  2  3  4  5  6  7  8  9 10 11 12 13 14 15 16 17 |
---------------+----------------------------------------------------+-----
Axes           | 4 5 6 7 8 9 10 11 12 14 15 16 17 18 | 18.1
Fighting       | 4 5 6 7 8 9 10 11 12 13 14 15 | 15.3
Dodging        | 3 |  3.0
Armour         | 3 4 5 6 7 9 10 11 12 13 14 | 14.5
Shields        | 2 3 4 6 7 9 10 11 12 14 15 17 | 17.0
Throwing       | 4 7 8 10 11 13 14 15 16 | 16.3
Maces & Flails | 2 3 |  3.3
Stealth        | |  0.8
Evocations     | |  0.7

Action                   |  1- 3 |  4- 6 |  7- 9 | 10-12 | 13-15 | 16-18 || total
-------------------------+-------+-------+-------+-------+-------+-------++-------
Melee: Hand axe          |    57 |   135 |   282 |   311 |       |       ||   785
       Headbutt          |    10 |    29 |    74 |   135 |   263 |   149 ||   660
       War axe           |       |       |    54 |   217 |   904 |   557 ||  1732
       Mace              |       |       |       |    14 |    14 |       ||    28
Throw: Dart              |       |       |    77 |   216 |   439 |   195 ||   927
       Boomerang         |       |       |    75 |    35 |       |       ||   110
       Javelin           |       |       |       |       |    34 |   100 ||   134
Invok: Berserk           |     1 |     1 |     2 |     3 |     8 |     4 ||    19
       Trog's Hand       |       |       |     1 |     1 |     4 |     2 ||     8
       Brothers in Arms  |       |       |       |     1 |     4 |     4 ||     9
Evoke: Wand              |       |       |     3 |     3 |     1 |       ||     7
  Use: Scroll            |       |     7 |     1 |     7 |    25 |    19 ||    59
       Potion            |       |       |     1 |       |     4 |     7 ||    12
 Stab: Sleeping          |     2 |     2 |       |       |       |       ||     4
       Distracted        |       |     1 |       |       |       |       ||     1
       Petrified         |       |       |       |       |    10 |       ||    10
       Petrifying        |       |       |       |       |     1 |       ||     1
  Eat: Chunk             |       |     6 |     9 |    16 |    37 |    22 ||    90
       Ration            |       |     1 |     1 |     3 |     5 |     2 ||    12
Armor: Animal skin       |     9 |     2 |       |       |       |       ||    11
       Leather armour    |       |    16 |       |       |       |       ||    16
       Plate armour      |       |    34 |   107 |   209 |   237 |   206 ||   793
Dodge: Dodged            |    36 |    46 |    39 |   155 |   227 |   209 ||   712
Block: Shield            |       |    62 |   118 |   323 |   471 |       ||   974
       Large shield      |       |       |       |       |   113 |   623 ||   736

Table legend:
 A = Non-vault XP
 B = Vault XP
 C = Vault XP percentage of total XP
 D = Non-vault monster count
 E = Vault monster count
 F = Vault count percentage of total count
                 A         B        C        D         E       F
            +---------+---------+-------+---------+---------+-------
      Total |  191296 |   85087 |  30.8 |     837 |     282 |  25.2
            +---------+---------+-------+---------+---------+-------
        D:1 |      47 |       0 |   0.0 |      22 |       0 |   0.0
        D:2 |      47 |     231 |  83.1 |      18 |       7 |  28.0
        D:3 |      67 |       0 |   0.0 |      17 |       0 |   0.0
        D:4 |     323 |     307 |  48.7 |      21 |       6 |  22.2
        D:5 |     448 |       0 |   0.0 |      18 |       0 |   0.0
        D:6 |     793 |       0 |   0.0 |      17 |       0 |   0.0
        D:7 |    1668 |       0 |   0.0 |      31 |       0 |   0.0
        D:8 |    3096 |       0 |   0.0 |      26 |       0 |   0.0
        D:9 |    3200 |    1117 |  25.9 |      38 |       7 |  15.6
       D:10 |    1740 |     585 |  25.2 |      21 |       6 |  22.2
       D:11 |    7219 |    2292 |  24.1 |      39 |      20 |  33.9
       D:12 |   11045 |     973 |   8.1 |      58 |       3 |   4.9
       D:13 |    5704 |    6228 |  52.2 |      18 |      11 |  37.9
       D:14 |    9263 |       0 |   0.0 |      22 |       0 |   0.0
     Lair:1 |    4796 |    1038 |  17.8 |      20 |       1 |   4.8
     Lair:2 |    3839 |       0 |   0.0 |      18 |       0 |   0.0
     Lair:3 |    1425 |    1129 |  44.2 |       7 |       1 |  12.5
     Lair:4 |    7132 |    4753 |  40.0 |      20 |      10 |  33.3
     Lair:5 |   12409 |    1312 |   9.6 |      34 |       5 |  12.8
     Lair:6 |    4548 |    7921 |  63.5 |      17 |      17 |  50.0
   Shoals:1 |    9515 |       0 |   0.0 |      23 |       0 |   0.0
   Shoals:2 |   18625 |    1904 |   9.3 |      36 |       1 |   2.7
   Shoals:3 |   20015 |       0 |   0.0 |      44 |       0 |   0.0
   Shoals:4 |    2804 |    5942 |  67.9 |       7 |       8 |  53.3
   Spider:1 |   16995 |    6057 |  26.3 |      53 |       9 |  14.5
   Spider:2 |   16940 |    3645 |  17.7 |      49 |      12 |  19.7
   Spider:3 |   11350 |       0 |   0.0 |      18 |       0 |   0.0
   Spider:4 |    8462 |   21184 |  71.5 |      20 |      41 |  67.2
      Orc:1 |    3885 |       0 |   0.0 |      49 |       0 |   0.0
      Orc:2 |    3896 |   15834 |  80.3 |      56 |      93 |  62.4
    Ossuary |       0 |     264 | 100.0 |       0 |      14 | 100.0
      IceCv |       0 |    2371 | 100.0 |       0 |      10 | 100.0
            +---------+---------+-------+---------+---------+-------
